 Dungeon Crawl Stone Soup version 0.25.1-2-g60ff931df9 (webtiles) character file.

Game seed: 3086483313129593904

60 DearestLeader the Distorting Demonspawn (level 3, -4/29 HPs)
             Began as a Demonspawn Abyssal Knight on Sept 23, 2020.
             Was a Believer of Lugonu.
             Killed from afar by Jessica (5 damage)
             ... with a puff of flame
             ... on level 2 of the Dungeon.
             The game lasted 00:03:23 (1744 turns).

DearestLeader the Distorting Demonspawn (DsAK)      Turns: 1744, Time: 00:03:24

Health: -4/29      AC: 11    Str: 13    XL:     3   Next: 82%
Magic:  5/5        EV:  6    Int: 13    God:    Lugonu [**....]
Gold:   44         SH:  0    Dex: 12    Spells: 2/2 levels left

rFire    . . .     SeeInvis .   c - +0 whip (curse)
rCold    . . .     Gourm    .   (no shield)
rNeg     . . .     Faith    +   d - +0 chain mail
rPois    .         Spirit   .   (no helmet)
rElec    .         Reflect  .   (no cloak)
rCorr    .         Harm     .   (no gloves)
MR       .....                  e - +0 pair of boots
Stlth    ..........             f - amulet of faith
HPRegen  0.09/turn              (no ring)
MPRegen  0.09/turn              (no ring)

@: no status effects
A: yellow scales 1
a: Depart the Abyss, Bend Space, Renounce Religion


You were on level 2 of the Dungeon.
You worshipped Lugonu.
Lugonu was pleased with you.
You were not hungry.

You visited 1 branch of the dungeon, and saw 2 of its levels.
You visited the Abyss 1 time.

You collected 44 gold pieces.

Inventory:

Hand Weapons
 a - a +1 hand axe
 c - a cursed +0 whip (weapon)
Armour
 b - a +0 leather armour
 d - a +0 chain mail (worn)
 e - a +0 pair of boots (worn)
Jewellery
 f - an amulet of faith (around neck)
Potions
 h - a potion of curing {unknown}
 i - 2 potions of invisibility
 j - a potion of ambrosia
Comestibles
 g - a chunk of flesh


   Skills:
 - Level 3.0 Fighting
 * Level 3.3 Axes
 - Level 1.7 Armour
 - Level 0.8 Dodging
 + Level 3.6 Invocations


You had 2 spell levels left.
You didn't know any spells.
Your spell library was empty.

Dungeon Overview and Level Annotations

Branches:
Dungeon (2/15)

Altars:

Annotations:
D:2 Jessica


Innate Abilities, Weirdness & Mutations

You are partially covered in yellow scales. (AC +2)


Message History

You kill the goblin!
Lugonu accepts your kill. Jessica hits you but does no damage.
Things that are here:
a +0 club; a goblin corpse Your chain mail prevents you from hitting Jessica.
Jessica is lightly wounded.
Jessica zaps a wand.
The puff of flame hits you but does no damage.
You hit Jessica.
Jessica is severely wounded.
Jessica mumbles some strange words.
Jessica blinks!
Jessica zaps a wand.
The puff of flame hits you.
There is an open door here.
Jessica points at you and mumbles some strange words.
Pain shoots through your body!
* * * LOW HITPOINT WARNING * * *
Jessica zaps a wand.
The puff of flame hits you.
You die...

.........# #...
#.........# ####
#.....?...# #
#)$.......# #
#.........# ########
#.........# #......(
#.....@...# #....##.
#.........# #(...##.
#.$...@...# #....##.
#.........# #.....#.
########'#######.....##
#.).....รท.....#
#########.....#
#######.#.# ..........#
#######.### #.#


You could see Jessica.

Vanquished Creatures
  2 adders (D:2)
  2 dart slugs (D:1)
  2 leopard geckos (D:1)
  7 bats (D:1)
  A giant cockroach (D:1)
  4 goblins
  7 hobgoblins (D:1)
  6 kobolds
  2 frilled lizards (D:1)
  3 rats (D:1)
36 creatures vanquished.

Notes
Turn   | Place    | Note
-------+----------+-------------------------------------------
     0 | Abyss:1  | DearestLeader the Demonspawn Abyssal Knight began the quest
                  | for the Orb.
     0 | Abyss:1  | Reached XP level 1. HP: 18/18 MP: 2/2
    30 | Abyss:1  | Noticed a green death
    31 | D:1      | Escaped the Abyss
   255 | D:1      | Reached * piety under Lugonu
   267 | D:1      | Gained mutation: You are partially covered in yellow
                  | scales. (AC +2) [demonic ancestry]
   267 | D:1      | Reached XP level 2. HP: 19/24 MP: 4/4
   623 | D:1      | Reached XP level 3. HP: 26/29 MP: 5/5
   811 | D:1      | Reached ** piety under Lugonu
  1727 | D:2      | Noticed Jessica
  1743 | D:2      | HP: 1/29 [Jessica/nerve-wracking pain (11)]
  1744 | D:2      | Killed from afar by Jessica

Illustrated notes

Levels and vault maps discovered:
D:1:      psy_arrival_wood_between_worlds, layout_loops_ring
D:2:      layout_basic, minmay_split_cup_large, uniq_jessica,
          uniq_crazy_yiuf_cottage

Skill      XL: |  1  2  3 |
---------------+----------+-----
Axes           | 2 3 |  3.3
Invocations    | 3 |  3.6
Fighting       | |  3.0
Armour         | |  1.7
Dodging        | |  0.8

Action                   || total
-------------------------++-------
Melee: Hand axe          ||   131
       Whip              ||    15
Invok: Depart the Abyss  ||     1
  Use: Scroll            ||     4
  Eat: Ration            ||     1
Armor: Chain mail        ||   136
Dodge: Dodged            ||    42
